 Dungeon Crawl Stone Soup version 0.27.1-33-g824d729ab1 (webtiles) character file.

Game seed: 5383706667850480953

2734 horus123 the Blocker (level 9, -1/65 HPs)
             Began as a Demonspawn Fighter on Nov 24, 2021.
             Was a Follower of Makhleb.
             Slain by Joseph (17 damage)
             ... on level 8 of the Dungeon.
             The game lasted 00:15:25 (8212 turns).

horus123 the Blocker (Demonspawn Fighter)           Turns: 8212, Time: 00:15:26

Health: -1/65      AC:  4    Str: 17    XL:     9   Next: 40%
Magic:  13/13      EV: 14    Int: 11    God:    Makhleb [*.....]
Gold:   1514       SH: 16    Dex: 14    Spells: 7/8 levels left

rFire    . . .     SeeInvis .   a - +3 long sword
rCold    + . .     Faith    .   c - +0 kite shield
rNeg     . . .     Spirit   .   d - +1 leather armour {Will+}
rPois    .         Reflect  +   (helmet restricted)
rElec    .         Harm     .   (no cloak)
rCorr    .         Rampage  .   (no gloves)
Will     +....                  (no boots)
Stlth    +.........             j - amulet of reflection
HPRegen  0.20/turn              n - ring of protection from cold
MPRegen  0.13/turn              v - +4 ring of evasion

@: no status effects
A: horns 1, powered by pain 2, spiny 1, sturdy frame 2
a: Renounce Religion


You were on level 8 of the Dungeon.
You worshipped Makhleb.
Makhleb was aware of your devotion.
You visited 2 branches of the dungeon, and saw 9 of its levels.

You collected 1514 gold pieces.

Inventory:

Hand Weapons
 a - a +3 long sword (weapon)
Armour
 b - a +0 scale mail
 c - a +0 kite shield (worn)
 d - a +1 leather armour of willpower (worn)
 f - a +0 leather armour
Jewellery
 j - an amulet of reflection (around neck)
 n - a ring of protection from cold (left hand)
 v - a +4 ring of evasion (right hand)
Wands
 s - a wand of acid (5)
 u - a wand of flame (20)
Scrolls
 i - 3 scrolls of teleportation
 p - a scroll of fog
Potions
 e - a potion of mutation
 g - 4 potions of curing
 h - 2 potions of attraction
 k - 2 potions of haste
 l - a potion of brilliance {unknown}
 m - a potion of lignification {unknown}
 o - a potion of berserk rage {unknown}
 q - 3 potions of heal wounds
 r - 2 potions of resistance {unknown}
 t - a potion of cancellation {unknown}


   Skills:
 - Level 4.3 Fighting
 - Level 5.9 Long Blades
 + Level 5.7 Armour
 - Level 8.2 Shields
 - Level 5.3 Invocations


You had 7 spell levels left.
You knew the following spells:

 Your Spells              Type           Power      Damage    Failure   Level
a - Foxfire               Conj/Fire      0%         2x1d4     63%         1

Your spell library contained the following spells:

 Spells                   Type           Power      Damage    Failure   Level
 Beastly Appendage        Tmut           0%         N/A       63%         1
 Summon Small Mammal      Summ           0%         N/A       63%         1
 Blink                    Tloc           N/A        N/A       77%         2
 Sublimation of Blood     Necr           0%         N/A       77%         2
 Wereblood                Tmut           0%         N/A       77%         2
 Call Canine Familiar     Summ           0%         N/A       94%         3
 Conjure Flame            Conj/Fire      0%         6-21      94%         3
 Inner Flame              Hex/Fire       0%         N/A       94%         3
 Spider Form              Tmut/Pois      0%         N/A       94%         3
 Summon Guardian Golem    Hex/Summ       0%         N/A       94%         3
 Cause Fear               Hex            0%         N/A       100%        4
 Petrify                  Tmut/Erth      0%         N/A       100%        4
 Fireball                 Conj/Fire      0%         3d3       100%        5
 Irradiate                Conj/Tmut      0%         3d13      100%        5
 Manifold Assault         Tloc           0%         N/A       100%        5
 Orb of Destruction       Conj           0%         N/A       100%        7
 Storm Form               Tmut/Air       0%         N/A       100%        7
 Discord                  Hex            0%         N/A       100%        8


Dungeon Overview and Level Annotations

Branches:
Dungeon (8/15)             Temple (1/1) D:4
   Lair: D:8-11

Altars:
Cheibriados
Elyvilon
Hepliaklqana
Makhleb
Nemelex Xobeh
Ru
Sif Muna
Trog
Vehumet
Xom
Yredelemnul
The Shining One

Shops:
D:1 :   D:5 :

Annotations:
D:8 Joseph


Innate Abilities, Weirdness & Mutations

You have a pair of small horns on your head.
You sometimes gain power by taking damage.
You are partially covered in sharp spines.
Your movements are less encumbered by armour. (ER -4)


Message History

Joseph shouts!
Joseph unwields a +0 quarterstaff.
Joseph wields a +0 hunting sling.
Joseph shoots a sling bullet.
You reflect the sling bullet off an invisible shield around you!
The sling bullet hits Joseph!
Found a scroll labelled DAQA JEDWIH and 14 gold pieces.
Joseph shoots a sling bullet.
The sling bullet misses you.
Found a stone staircase leading up.
Joseph shoots a sling bullet.
You reflect the sling bullet off an invisible shield around you!
The sling bullet hits Joseph!
Joseph shoots a sling bullet.
You reflect the sling bullet off an invisible shield around you!
The sling bullet hits Joseph.
Joseph shoots a sling bullet.
The sling bullet closely misses you.
Joseph unwields a +0 hunting sling.
Joseph wields a +0 quarterstaff.
Joseph hits you but does no damage.
Okay, then.
You closely miss Joseph. Your headbutt misses Joseph.
Joseph is heavily wounded.
Joseph hits you with a +0 quarterstaff!
You barely miss Joseph. You headbutt Joseph, but do no damage.
Joseph is heavily wounded.
You block Joseph's attack. Joseph is struck by your spines.
Joseph barely misses you.
You hit Joseph but do no damage. You headbutt Joseph.
Joseph is heavily wounded.
Joseph hits you but does no damage.
You hit Joseph but do no damage.
Joseph is heavily wounded.
Joseph hits you with a +0 quarterstaff!!
You are too injured to fight recklessly!
You are too injured to fight recklessly!
You hit Joseph but do no damage. You headbutt Joseph, but do no damage.
Joseph is heavily wounded.
Joseph is struck by your spines. Joseph hits you with a +0 quarterstaff!
* * * LOW HITPOINT WARNING * * *
You hit Joseph.
Joseph is heavily wounded.
You block Joseph's attack. Joseph hits you with a +0 quarterstaff!
You die...

####...###
#.#
#....###
#.# ..####
#.# ###
#.# # #.#
#.##
#..###
#...<#
#@##.# #@#
.?. #..
...# #...
$.# #.#.#
..# #.#.#
#.... #..
.#


You could see Joseph.

Vanquished Creatures
  Prince Ribbit (D:5)
  Eustachio (D:4)
  Menkaure (D:4)
  2 water moccasins
  A hornet zombie (D:5)
  Duvessa (D:7)
  2 black bears
  A kobold brigand (D:8)
  2 bullfrogs
  4 scorpions
  Dowan (D:7)
  A wyvern skeleton (D:7)
  An electric eel (D:7)
  5 wights (D:6)
  A howler monkey (D:4)
  3 gnoll shamans
  2 orc priests (D:5)
  4 hounds
  2 jellies
  3 bullfrog skeletons
  A centaur skeleton (D:7)
  An iguana (D:5)
  3 orc wizards
  Robin (D:4)
  13 gnolls
  4 adders
  A white imp (D:6)
  An ufetubus (D:5)
  An adder skeleton (D:4)
  2 worms
  11 dart slugs
  15 orcs
  5 ball pythons
  6 endoplasms
  8 giant cockroaches
  7 goblins
  13 hobgoblins
  5 jackals
  5 quokkas
  3 bats (D:2)
  6 frilled lizards
  12 kobolds
  6 rats
169 creatures vanquished.

Vanquished Creatures (others)
  A dart slug (D:7)
  4 goblins (D:4)
  A hobgoblin (D:4)
  A quokka (D:4)
7 creatures vanquished.

Grand Total: 176 creatures vanquished

Notes
Turn   | Place    | Note
-------+----------+-------------------------------------------
     0 | D:1      | horus123 the Demonspawn Fighter began the quest for the
                  | Orb.
     0 | D:1      | Reached XP level 1. HP: 18/18 MP: 1/1
    21 | D:1      | Reached skill level 3 in Shields
    97 | D:1      | Gained mutation: You sometimes gain a little power by
                  | taking damage. [demonic ancestry]
    97 | D:1      | Reached XP level 2. HP: 24/24 MP: 2/2
   302 | D:1      | Reached XP level 3. HP: 29/29 MP: 3/3
   379 | D:1      | Reached skill level 4 in Shields
   450 | D:1      | Found Ograitt's Book Boutique.
   761 | D:2      | Found a faded altar of an unknown god.
  1408 | D:2      | Gained mutation: You are partially covered in sharp spines.
                  | [demonic ancestry]
  1408 | D:2      | Reached XP level 4. HP: 27/35 MP: 4/4
  1559 | D:3      | Noticed a water moccasin
  1566 | D:3      | Killed a water moccasin
  1567 | D:3      | Gained mutation: You sometimes gain power by taking damage.
                  | [demonic ancestry]
  1567 | D:3      | Reached XP level 5. HP: 38/41 MP: 5/5
  2133 | D:4      | Reached skill level 5 in Long Blades
  2133 | D:4      | Gained mutation: You have a pair of small horns on your
                  | head. [demonic ancestry]
  2133 | D:4      | Reached XP level 6. HP: 7/47 MP: 6/6
  2270 | D:4      | Identified the +2 helmet "Cilix" {Will+ Dex+3}
  2270 | D:4      | Noticed Robin
  2289 | D:4      | Killed Robin
  2493 | D:4      | Found a staircase to the Ecumenical Temple.
  2516 | D:4      | Noticed Menkaure
  2523 | Temple   | Entered the Ecumenical Temple
  2765 | Temple   | Became a worshipper of Makhleb the Destroyer
  2790 | D:4      | Killed Menkaure
  3033 | D:4      | Noticed Eustachio
  3039 | D:4      | Killed Eustachio
  3040 | D:4      | Gained mutation: Your movements are slightly less
                  | encumbered by armour. (ER -2) [demonic ancestry]
  3040 | D:4      | Reached XP level 7. HP: 52/54 MP: 7/7
  3129 | D:4      | Learned a level 1 spell: Foxfire
  3411 | D:5      | Entered Level 5 of the Dungeon
  3552 | D:5      | Reached skill level 5 in Shields
  3742 | D:5      | Found Yni Yrud's Book Emporium.
  3743 | D:5      | Noticed Prince Ribbit
  3763 | D:5      | Killed Prince Ribbit
  3764 | D:5      | Reached skill level 6 in Shields
  3764 | D:5      | Gained mutation: Your movements are less encumbered by
                  | armour. (ER -4) [demonic ancestry]
  3764 | D:5      | Reached XP level 8. HP: 29/60 MP: 8/8
  3932 | D:5      | Found a shimmering altar of Xom.
  4197 | D:5      | Reached skill level 7 in Shields
  4916 | D:6      | Reached * piety under Makhleb
  4917 | D:6      | Reached skill level 8 in Shields
  5199 | D:6      | Got the Reference Book on Battle Magic
  5584 | D:6      | Identified a scroll of acquirement
  5584 | D:6      | Acquired 1208 gold pieces
  5866 | D:6      | Reached skill level 5 in Invocations
  6036 | D:6      | Reached XP level 9. HP: 47/65 MP: 13/13
  7204 | D:7      | Noticed Dowan
  7205 | D:7      | Noticed Duvessa
  7228 | D:7      | Killed Duvessa
  7229 | D:7      | Reached skill level 5 in Armour
  7231 | D:7      | Killed Dowan
  8043 | D:8      | Found a radiant altar of Vehumet.
  8200 | D:8      | Noticed Joseph
  8212 | D:8      | Slain by Joseph

Illustrated notes

Levels and vault maps discovered:
D:1:      lightli_iron_boxes, layout_rooms, serial_shops, shop,
          minmay_misc_feat_doors, chequers_decorated_corner
D:2:      layout_basic, hellmonk_ecumenical_altar_dog_temple
D:3:      layout_rooms, minmay_misc_feat_room, minmay_misc_feat_four_crosses,
          minmay_misc_feat_rows
D:4:      layout_basic, elyvilon_altar_4, minmay_temple_entry_glass,
          uniq_menkaure, uniq_robin, uniq_eustachio
D:5:      layout_loops_corners, xom_teletrap_fun, serial_shops, shop,
          minmay_crystal_room, kennysheep_generic_room_7, uniq_prince_ribbit1
D:6:      layout_basic
D:7:      kennysheep_slugbush, layout_basic, kennysheep_mini, uniq_duvessa
D:8:      minmay_the_grid_triangle_9x9_rhombus_full
          [minmay_the_grid_triangle_9x9_dagger,
          minmay_the_grid_triangle_9x9_zippers_vertical,
          minmay_the_grid_triangle_9x9_windchime,
          minmay_the_grid_triangle_9x9_fully_insulated_deathbox,
          minmay_the_grid_triangle_9x9_odd_lines,
          minmay_the_grid_triangle_9x9_shrine,
          minmay_the_grid_triangle_9x9_empty,
          minmay_the_grid_triangle_9x9_prize_center], layout_loops_cross,
          vehumet_altar_wand_db, minmay_ruffians, uniq_joseph
Temple:   compressed_dpeg_circular_temple

Skill      XL: |  1  2  3  4  5  6  7  8  9 |
---------------+----------------------------+-----
Shields        | 3 4 6 8 |  8.2
Long Blades    | 2 4 5 |  5.9
Fighting       | 4 |  4.3
Invocations    | 5 |  5.3
Armour         | 5 |  5.7

Action                   |  1- 3 |  4- 6 |  7- 9 || total
-------------------------+-------+-------+-------++-------
Melee: Long sword        |   136 |   104 |   269 ||   509
       Headbutt          |       |     5 |    49 ||    54
  Use: Scroll            |     5 |     4 |     6 ||    15
       Potion            |       |     3 |     3 ||     6
 Stab: Sleeping          |       |       |     1 ||     1
Armor: Scale mail        |    66 |    34 |       ||   100
       Leather armour    |       |       |    24 ||    24
Dodge: Dodged            |    45 |    21 |    88 ||   154
Block: Kite shield       |    81 |    69 |   211 ||   361
       Reflection        |       |     2 |    12 ||    14
       Rpst.: Long sword |     8 |     8 |    26 ||    42
